 Dungeon Crawl Stone Soup version 0.22.1-1-ga44c0e56f4 (webtiles) character file.

151 DenSaoPin the Chopper (level 5, -3/48 HPs)
             Began as a Hill Orc Monk on Oct 20, 2018.
             Splashed by a jelly's acid (10 damage)
             ... on level 2 of the Dungeon.
             The game lasted 00:06:17 (2534 turns).

DenSaoPin the Chopper (Hill Orc Monk)               Turns: 2534, Time: 00:06:18

Health: -3/48      AC: -1    Str: 15    XL:     5   Next: 33%
Magic:  5/5        EV: 10    Int: 10    God:
Gold:   79         SH:  0    Dex: 13    Spells: 4/4 levels left

rFire    . . .     SeeInvis .   a - +0 hand axe
rCold    . . .     Gourm    .   (no shield)
rNeg     . . .     Faith    .   o - +0 scale mail
rPois    .         Spirit   .   (no helmet)
rElec    .         Reflect  .   (no cloak)
rCorr    .         Harm     .   (no gloves)
MR       .....                  (no boots)
Stlth    ..........             (no amulet)
HPRegen  0.16/turn              (no ring)
MPRegen  0.09/turn              (no ring)

@: corroded
A: no striking features
a: no special abilities


You were on level 2 of the Dungeon.
You were not hungry.

You visited 1 branch of the dungeon, and saw 2 of its levels.

You collected 79 gold pieces.

Inventory:

Hand Weapons
 a - a +0 hand axe (weapon)
Armour
 b - a +0 robe
 o - a +0 scale mail (worn)
Scrolls
 f - 3 scrolls of remove curse {unknown}
 g - a scroll of enchant weapon {unknown}
 h - a scroll of blinking {unknown}
 i - 2 scrolls of enchant armour {unknown}
 j - a scroll of fear {unknown}
 l - a scroll of immolation {unknown}
 n - 2 scrolls of identify {unknown}
Potions
 d - 2 potions of curing {unknown}
 e - a potion of resistance {unknown}
 k - a potion of berserk rage {unknown}
 m - a potion of flight {unknown}
Comestibles
 c - 6 rations


   Skills:
 - Level 5.0 Fighting
 - Level 5.1 Axes
 + Level 2.4 Armour
 - Level 3.0 Dodging
 - Level 1.5 Stealth


You had 4 spell levels left.
You didn't know any spells.
Your spell library was empty.

Dungeon Overview and Level Annotations

Branches:
Dungeon (2/15)

Altars:


Message History

The jelly is moderately wounded.
The jelly barely misses you.
You hit the jelly but do no damage. The acid corrodes you!
Your hands burn!
The jelly is moderately wounded.
The jelly hits you. The acid corrodes you!
You are splashed with acid!
The acid burns!
You hit the jelly but do no damage.
Your hands burn!
The jelly is moderately wounded.
The jelly hits you.
You are splashed with acid!
The acid burns!
* * * LOW HITPOINT WARNING * * *
You hit the jelly but do no damage.
Your hands burn!
* * * LOW HITPOINT WARNING * * *
The jelly is moderately wounded.
The jelly barely misses you.
You barely miss the jelly.
The jelly is moderately wounded.
The jelly hits you.
* * * LOW HITPOINT WARNING * * *
You are splashed with acid!
The acid burns!
You die...

#......# #.# #.#.######.####.#
#......######.###.......##.# #.#
#......+..........#.###.##.# ##..
#..÷...#####...............###...
.............#############.......
....#..####### ########.###.##
.....<############......##.# #.
....#####......##J......##.# #.
#.#.#.##.......#@#......##.# #.#
..#...(÷.......#)#÷PJ.PP##.# .#
.##...)÷.......#.#÷.....##.###.#
..#.#.'......#'#.#JPPP..##.....
......##.....#.#)#......##.#.###
.###..###....#.#(#PJ..÷P##.....#.
.# ##.# #######.##÷÷...:##(......
.# #..# ### #.#.#.#. .# ##..
############[#)#...


You could see a jelly.

Vanquished Creatures
  A jelly (D:2)
  2 adders (D:2)
  5 oozes (D:2)
  4 dart slugs
  2 leopard geckos
  5 orcs (D:2)
  2 giant cockroaches (D:2)
  9 hobgoblins
  3 jackals (D:1)
  11 kobolds
  3 bats
  3 frilled lizards
  6 goblins
  11 rats
67 creatures vanquished.

Vanquished Creatures (others)
  5 toadstools (D:2)
5 creatures vanquished.

Grand Total: 72 creatures vanquished

Notes
Turn   | Place    | Note
-------+----------+-------------------------------------------
     0 | D:1      | DenSaoPin the Hill Orc Monk began the quest for the Orb.
     0 | D:1      | Reached XP level 1. HP: 19/19 MP: 1/1
   158 | D:1      | Reached XP level 2. HP: 20/27 MP: 2/2
   457 | D:1      | Reached XP level 3. HP: 21/34 MP: 3/3
   756 | D:1      | Reached skill level 5 in Fighting
  1338 | D:2      | Reached XP level 4. HP: 12/42 MP: 4/4
  1599 | D:2      | Reached skill level 5 in Axes
  2336 | D:2      | Reached XP level 5. HP: 29/48 MP: 5/5
  2534 | D:2      | Splashed by a jelly's acid

Skill      XL: |  1  2  3  4 |
---------------+-------------+-----
Fighting       | 4 5 |  5.0
Axes           | 5 |  5.1
Dodging        | 3 |  3.0
Armour         | 2 |  2.4
Stealth        | |  1.5

Action                   |  1- 3 |  4- 6 || total
-------------------------+-------+-------++-------
Melee: Hand axe          |   117 |   116 ||   233
 Stab: Sleeping          |     2 |     2 ||     4
       Distracted        |     1 |       ||     1
  Eat: Chunk             |     1 |     4 ||     5
Armor: Robe              |    14 |     8 ||    22
       Scale mail        |       |    13 ||    13
Dodge: Dodged            |    94 |    69 ||   163
